 Dungeon Crawl Stone Soup version 0.31-a0-446-g07c4bd200f (webtiles) character file.

Game seed: 13212664573677736427

108 MacCMillion the Ruffian (level 4, -2/37 HPs)
             Began as a Draconian Shapeshifter on Aug 3, 2023.
             Killed by divine providence
             ... invoked by an orc priest
              (14 damage)
             ... on level 3 of the Dungeon.
             The game lasted 00:01:48 (1435 turns).

MacCMillion the Ruffian (Draconian Shapeshifter)    Turns: 1435, Time: 00:01:48

Health: -2/37      AC:  5    Str: 19    XL:     4   Next: 58%
Magic:  4/4        EV: 12    Int:  8    God:
Gold:   116        SH:  0    Dex: 12    Spells: 3/3 levels left

rFire   . .          .
                       - Unarmed
rCold   . . .        (no shield)
rNeg    . . .        (body armour unavailable)
rPois   .            (helmet currently unavailable)
rElec   .            (cloak currently unavailable)
rCorr   .            (gloves currently unavailable)
SInv    .            (boots currently unavailable)
Will    .....        (no amulet)
Stlth   +            (no ring)
HPRegen 0.26/turn    (no ring)
MPRegen 0.09/turn

%: no passive effects
@: beast-form
A: beast (slay +2), AC +5, unfitting armour, cold-blooded
a: Begin Untransformation


You were on level 3 of the Dungeon.
You were a hulking beast.
You visited 1 branch of the dungeon, and saw 3 of its levels.

You collected 116 gold pieces.

Inventory:

Missiles
 m - 2 curare-tipped darts
 n - 3 poisoned darts
Talismans
 b - a beast talisman (active)
Scrolls
 c - 2 scrolls of immolation
 e - a scroll of acquirement {unknown}
 g - 2 scrolls of identify {unknown}
 h - a scroll of teleportation {unknown}
Potions
 a - a potion of lignification
 d - a potion of haste {unknown}
 f - 3 potions of invisibility {unknown}
 i - a potion of brilliance {unknown}
 j - a potion of resistance {unknown}
 k - a potion of might {unknown}
 l - a potion of enlightenment {unknown}
 o - a potion of mutation {unknown}


   Skills:
 + Level 2.9 Fighting
 - Level 1.7 Dodging
 * Level 4.7 Unarmed Combat
 - Level 3.0 Shapeshifting


You had 3 spell levels left.
You didn't know any spells.
Your spell library contained the following spells:

 Spells                   Type           Power      Damage    Failure   Level
 Magic Dart               Conj           0%         1d3       41%         1
 Call Imp                 Summ           0%         N/A       54%         2
 Searing Ray              Conj           0%         2d4       54%         2
 Mephitic Cloud           Conj/Pois/Air  0%         N/A       78%         3
 Vhi's Electric Charge    Tloc/Air       0%         N/A       78%         3
 Fulminant Prism          Conj/Hex       0%         3d5       99%         4
 Arcjolt                  Conj/Air       0%         1d10      100%        5
 Maxwell's Capacitive Co  Air            0%         ∞         100%        8


Dungeon Overview and Level Annotations

Branches:
Dungeon (3/15)

Altars:


Innate Abilities, Weirdness & Mutations

You are a hulking beast.
Your limbs bulge with bestial killing power. (Slay +2)
Your plain brown scales are hard. (AC +5)
You cannot fit into any form of body armour.
You are cold-blooded and may be slowed by cold attacks.


Message History

An orc comes into view. It is wielding a +0 club.
You hear a shout!
You hear a shout!
An orc comes into view. It is wielding a +0 flail.
You punch the orc!
You kill the orc!
You hit the orc but do no damage. The orc closely misses you.
You punch the orc!
You kill the orc!
An orc priest comes into view. It is wielding a +0 whip.
You closely miss the frilled lizard.
The frilled lizard bites you but does no damage.
You punch the frilled lizard!
You kill the frilled lizard!
You hit the orc. Your punch misses the orc.
The orc is almost dead.
The orc priest invokes the aid of Beogh against you.
Beogh smites you! The orc closely misses you.
You hit the orc.
You kill the orc!
You hit the orc. You tail-slap the orc. You punch the orc.
You kill the orc!
Items here: )))) †††.
You hit the orc priest but do no damage.
The orc priest misses you.
You hit the orc priest.
The orc priest is heavily wounded.
You hit the orc priest but do no damage.
You tail-slap the orc priest.
The orc priest is severely wounded.
The orc priest mumbles some strange prayers to Beogh against you.
Pain shoots through your body!
You hit the orc priest.
The orc priest is severely wounded.
The orc priest closely misses you.
You closely miss the orc priest.
The orc priest is severely wounded.
The orc priest mumbles some strange prayers to Beogh against you.
Beogh smites you!
You die...

.....##)# #..#
##.#.##.# ##.#
.....##.####.#####
......#.##....>..#
........##.#####.#
...........#
#.######
.##....#.#.#
#......#
.##.#...## #
#.####...[
.......###.#####h#
# .<.....#
#(.....o# ##...###
#.##....# #...#
####.# #..... #..
.[.### ..# ....
#.# ..... ...
...... #..


You could see an orc priest.

Vanquished Creatures
  A hound (D:2)
  3 gnolls (D:2)
  A worm (D:2)
  2 dart slugs (D:2)
  4 orcs (D:3)
  4 endoplasms
  A giant cockroach (D:2)
  5 goblins
  5 ball pythons
  3 bats
  5 frilled lizards
  3 kobolds
  4 rats
41 creatures vanquished.

Notes
Turn   | Place    | Note
-------+----------+-------------------------------------------
     0 | D:1      | MacCMillion the Draconian Shapeshifter began the quest for
                  | the Orb.
     0 | D:1      | Reached XP level 1. HP: 16/16 MP: 1/1
    62 | D:1      | Found a faded altar of an unknown god.
   253 | D:1      | Reached XP level 2. HP: 23/23 MP: 2/2
   667 | D:2      | Reached skill level 4 in Unarmed Combat
   667 | D:2      | Reached XP level 3. HP: 19/29 MP: 3/3
  1068 | D:2      | Reached XP level 4. HP: 30/37 MP: 4/4
  1435 | D:3      | Killed from afar by an orc priest

Illustrated notes

Levels and vault maps discovered:
D:1:      wheals_arrival_linesprint, layout_rooms,
          hellmonk_ecumenical_altar_blasted, minivault_25
D:2:      layout_rooms
D:3:      layout_loops_cross, minmay_mini_jars

Skill      XL: |  1  2 |
---------------+-------+-----
Fighting       | 2 |  2.9
Unarmed Combat | 4 |  4.7
Dodging        | |  1.7
Shapeshifting  | |  3.0

Action                     |  1- 3 |  4- 6 || total
---------------------------+-------+-------++-------
  Melee: Unarmed           |    65 |    35 ||   100
         Tailslap          |    10 |     3 ||    13
         Punch             |       |     1 ||     1
   Stab: Sleeping          |       |     1 ||     1
 Armour: Skin              |    13 |     5 ||    18
  Dodge: Dodged            |    35 |    12 ||    47

Table legend: (Time is in decaauts)
 A = Elapsed time spent in this place.
 B = Non-inter-level travel time spent in this place.
 C = Inter-level travel time spent in this place.
 D = Time resting spent in this place.
 E = Time spent auto-exploring this place.
 F = Levels seen in this place.
 G = Mean time per level.
                   A        B        C        D        E       F      G
               +--------+--------+--------+--------+--------+-----+--------+
         Total |   1427 |   1321 |    106 |    179 |    898 |   3 |  475.7 |
       Dungeon |   1427 |   1321 |    106 |    179 |    898 |   3 |  475.7 |
               +--------+--------+--------+--------+--------+-----+--------+

Top non-repeatable levels by time:
     D:2: 691 daAuts
     D:1: 656 daAuts
     D:3: 79 daAuts
